| TOP OF THE 1ST |
|
Lakewood BlueClaws batting - Pitching for Greensboro Grasshoppers : RHP Adam Brown
|
|
Pitching: RHP Adam Brown
|
|
|
Batting: LHB Matt Urbanek
|
0-0: Ball 1-0: Swinging Strike 1-1: Ball 2-1: Foul Ball, location: 2F 2-2: Fly out, F9 (Line Drive, 9D, EV 106.9 MPH)
|
|
Batting: RHB Vaclav Been
|
0-0: SINGLE (Groundball, 6M, EV 83.1 MPH) (infield hit)
|
|
Batting: LHB Joel Moore
|
0-0: Foul Ball, location: 2F 0-1: Ball 1-1: Ball 2-1: SINGLE (Line Drive, 8LS, EV 96.2 MPH) Vaclav Been to second Runner from 2nd tries for 3rd, SAFE, throw by CF made to third
|
|
Batting: RHB Trent Hedrick
|
0-0: Swinging Strike 0-1: Ball 1-1: Swinging Strike 1-2: Foul Ball, location: 2F 1-2: SINGLE (Groundball, 4S, EV 61.9 MPH) (infield hit) Vaclav Been scores Joel Moore to second
|
|
Batting: SHB Steve DeRienzo
|
0-0: Called Strike 0-1: Foul Ball, location: 2F 0-2: Ball 1-2: Ball 2-2: Foul Ball, location: 2F 2-2: Fly out, F8 (Line Drive, 8LD, EV 100.0 MPH)
|
|
Batting: RHB Josh Baker
|
0-0: Ball 1-0: Called Strike 1-1: Swinging Strike 1-2: Strikes out swinging
|
| Top of the 1st over - 1 run, 3 hits, 0 errors, 2 left on base; Lakewood 1 - Greensboro 0 |
| BOTTOM OF THE 1ST |
|
Greensboro Grasshoppers batting - Pitching for Lakewood BlueClaws : RHP Tony Ferreira
|
|
Pitching: RHP Tony Ferreira
|
|
|
Batting: RHB Harrie de Kam
|
0-0: Ball 1-0: Called Strike 1-1: Foul Ball, location: 2F 1-2: Ball 2-2: Ball 3-2: Foul Ball, location: 2F 3-2: Strikes out swinging
|
|
Batting: RHB Rafael Irizarry
|
0-0: Called Strike 0-1: Swinging Strike 0-2: Strikes out looking
|
|
Batting: RHB Nate Crofts
|
0-0: Fly out, F8 (Flyball, 89M, EV 90.6 MPH)
|
| Bottom of the 1st over - 0 runs, 0 hits, 0 errors, 0 left on base; Lakewood 1 - Greensboro 0 |
| TOP OF THE 2ND |
|
Lakewood BlueClaws batting - Pitching for Greensboro Grasshoppers : RHP Adam Brown
|
|
Batting: LHB Eric Farren
|
0-0: Swinging Strike 0-1: Foul Ball, location: 2F 0-2: Ball 1-2: Strikes out swinging
|
|
Batting: RHB Johnny Burroughs
|
0-0: Ball 1-0: Ball 2-0: Ball 3-0: Called Strike 3-1: Called Strike 3-2: Strikes out looking
|
|
Pitching: RHP Joe Lynn
|
|
|
Batting: RHB Cory Bonham
|
0-0: Called Strike 0-1: Ball 1-1: Swinging Strike 1-2: Strikes out swinging
|
| Top of the 2nd over - 0 runs, 0 hits, 0 errors, 0 left on base; Lakewood 1 - Greensboro 0 |
| BOTTOM OF THE 2ND |
|
Greensboro Grasshoppers batting - Pitching for Lakewood BlueClaws : RHP Tony Ferreira
|
|
Batting: LHB Angelo Estrella
|
0-0: Ball 1-0: Called Strike 1-1: Ball 2-1: Foul Ball, location: 2F 2-2: Ball 3-2: Base on Balls
|
|
Batting: RHB Chris Alft
|
0-0: Ball 1-0: Ball 2-0: Ball 3-0: Base on Balls Angelo Estrella to second
|
|
Batting: LHB Justin Blakely
|
0-0: Fielders Choice at 2nd, 3-6 (Groundball, 3, EV 82.5 MPH) Angelo Estrella to third
|
|
Batting: LHB Ryan Thompson
|
0-0: Ball 1-0: Called Strike 1-1: Swinging Strike 1-2: Strikes out swinging
|
|
Batting: RHB Dennis Coppolino
|
0-0: Foul Ball, location: 2F 0-1: Ball 1-1: Ball 2-1: SINGLE (Line Drive, 6MD, EV 98.8 MPH) Angelo Estrella scores Justin Blakely to second
|
|
Batting: RHB Nick Dunton
|
0-0: Foul Ball, location: 2F 0-1: Ball 1-1: Swinging Strike 1-2: Foul Ball, location: 2F 1-2: Foul Ball, location: 2F 1-2: Ball 2-2: SINGLE (Line Drive, 5D, EV 109.4 MPH) Justin Blakely to third Dennis Coppolino to second
|
|
Batting: RHB Harrie de Kam
|
0-0: Ball 1-0: Ball 2-0: Ball 3-0: Called Strike 3-1: Foul Ball, location: 2F 3-2: Base on Balls Justin Blakely scores Dennis Coppolino to third Nick Dunton to second
|
|
Batting: RHB Rafael Irizarry
|
0-0: Reached on error, E5 (Groundball, 5S, EV 83.1 MPH) Dennis Coppolino scores Nick Dunton to third Harrie de Kam to second
|
|
Batting: RHB Nate Crofts
|
0-0: Ball 1-0: Foul Ball, location: 2F 1-1: Ground out 6-3 (Groundball, 56, EV 100.6 MPH)
|
| Bottom of the 2nd over - 3 runs, 2 hits, 1 error, 3 left on base; Lakewood 1 - Greensboro 3 |
| TOP OF THE 3RD |
|
Lakewood BlueClaws batting - Pitching for Greensboro Grasshoppers : RHP Joe Lynn
|
|
Batting: LHB Matt Urbanek
|
0-0: Called Strike 0-1: Called Strike 0-2: Foul Ball, location: 2F 0-2: Ball 1-2: Ball 2-2: Ball 3-2: Foul Ball, location: 2F 3-2: Base on Balls
|
|
Batting: RHB Vaclav Been
|
0-0: Ball Matt Urbanek steals 2nd base 1-0: Swinging Strike 1-1: Swinging Strike 1-2: Foul Ball, location: 2F 1-2: Ball 2-2: Foul Ball, location: 2F 2-2: Strikes out swinging
|
|
Pitching: RHP Dan Durand
|
|
|
Batting: LHB Joel Moore
|
0-0: SINGLE (Line Drive, 8LS, EV 103.1 MPH) Matt Urbanek to third
|
|
Batting: RHB Trent Hedrick
|
0-0: Ball 1-0: Ball 2-0: Ball 3-0: Base on Balls Joel Moore to second
|
|
Batting: SHB Steve DeRienzo
|
0-0: Swinging Strike 0-1: Fly out, F8 (Flyball, 8LD, EV 91.9 MPH) Runner from 3rd tags up, SCORES, throw by CF Joel Moore to third
|
|
Batting: RHB Josh Baker
|
0-0: Called Strike 0-1: Ball 1-1: Ball 2-1: Ball 3-1: Base on Balls Trent Hedrick to second
|
|
Batting: LHB Eric Farren
|
0-0: Called Strike 0-1: DOUBLE (Line Drive, 78XD, EV 105.0 MPH) Joel Moore scores Trent Hedrick scores Josh Baker to third Runner from 3rd tries for Home, SAFE, throw by CF to trailing runner, OUT at third! 8-3-5
|
| Top of the 3rd over - 4 runs, 2 hits, 0 errors, 0 left on base; Lakewood 5 - Greensboro 3 |
| BOTTOM OF THE 3RD |
|
Greensboro Grasshoppers batting - Pitching for Lakewood BlueClaws : RHP Tony Ferreira
|
|
Batting: LHB Angelo Estrella
|
0-0: Ground out 5-3 (Groundball, 56, EV 83.1 MPH)
|
|
Batting: RHB Chris Alft
|
0-0: Called Strike 0-1: SINGLE (Groundball, 4D, EV 104.4 MPH)
|
|
Batting: LHB Justin Blakely
|
0-0: SINGLE (Line Drive, 34, EV 102.5 MPH) Chris Alft to second
|
|
Batting: LHB Ryan Thompson
|
0-0: Ball 1-0: Called Strike 1-1: Foul Ball, location: 2F 1-2: Ball 2-2: Strikes out looking
|
|
Batting: RHB Dennis Coppolino
|
0-0: Called Strike 0-1: Ball 1-1: Ball 2-1: Ball 3-1: Called Strike 3-2: Base on Balls Chris Alft to third Justin Blakely to second
|
|
Batting: RHB Nick Dunton
|
0-0: Foul Ball, location: 2F 0-1: Fielders Choice at 2nd, 5-4 (Groundball, 56, EV 83.1 MPH)
|
| Bottom of the 3rd over - 0 runs, 2 hits, 0 errors, 3 left on base; Lakewood 5 - Greensboro 3 |
| TOP OF THE 4TH |
|
Lakewood BlueClaws batting - Pitching for Greensboro Grasshoppers : RHP Dan Durand
|
|
Batting: RHB Johnny Burroughs
|
0-0: Foul Ball, location: 2F 0-1: Foul Ball, location: 2F 0-2: DOUBLE (Line Drive, 9LS, EV 108.1 MPH)
|
|
Batting: RHB Cory Bonham
|
0-0: Called Strike 0-1: Ball 1-1: Called Strike 1-2: Ball 2-2: DOUBLE (Flyball, 8LXD, EV 105.6 MPH) Johnny Burroughs scores
|
|
Pitching: RHP Bill Padgett
|
|
|
Batting: LHB Matt Urbanek
|
0-0: Ball 1-0: Called Strike 1-1: Foul Ball, location: 2F 1-2: Strikes out swinging
|
|
Batting: RHB Vaclav Been
|
0-0: Foul Ball, location: 2F 0-1: Foul Ball, location: 2F 0-2: Ball 1-2: Ball Wild Pitch! Cory Bonham to third 2-2: Ball 3-2: Foul Ball, location: 2F 3-2: Base on Balls
|
|
Batting: LHB Joel Moore
|
0-0: Ball 1-0: Swinging Strike 1-1: Ball 2-1: Grounds into double play, 4-6-3 (Groundball, 4, EV 78.1 MPH)
|
| Top of the 4th over - 1 run, 2 hits, 0 errors, 1 left on base; Lakewood 6 - Greensboro 3 |
| BOTTOM OF THE 4TH |
|
Greensboro Grasshoppers batting - Pitching for Lakewood BlueClaws : RHP Tony Ferreira
|
|
Batting: RHB Harrie de Kam
|
0-0: Called Strike 0-1: Ball 1-1: Ball 2-1: Fly out, F6 (Popup, 6S, EV 61.9 MPH)
|
|
Batting: RHB Rafael Irizarry
|
0-0: Called Strike 0-1: Ball 1-1: Called Strike 1-2: Ball 2-2: Strikes out swinging
|
|
Batting: RHB Nate Crofts
|
0-0: Ball 1-0: Ball 2-0: Ball 3-0: Base on Balls
|
|
Batting: LHB Angelo Estrella
|
0-0: DOUBLE (Line Drive, 78XD, EV 111.2 MPH) Nate Crofts to third Runner from 3rd tries for Home, SAFE, no throw by CF
|
|
Batting: RHB Chris Alft
|
0-0: Foul Ball, location: 2F 0-1: Ball 1-1: Foul Ball, location: 2F 1-2: Reached on error, E4 (Groundball, 34, EV 103.8 MPH) Angelo Estrella scores
|
|
Pitching: RHP Francisco Tejada
|
|
|
Batting: LHB Justin Blakely
|
0-0: Called Strike 0-1: Called Strike 0-2: Ball 1-2: DOUBLE (Groundball, 3L, EV 105.0 MPH) Chris Alft scores
|
|
Batting: LHB Ryan Thompson
|
0-0: Foul Ball, location: 2F 0-1: Ball 1-1: Swinging Strike 1-2: Ball 2-2: Foul Ball, location: 2F 2-2: Strikes out looking
|
| Bottom of the 4th over - 3 runs, 2 hits, 1 error, 1 left on base; Lakewood 6 - Greensboro 6 |
| TOP OF THE 5TH |
|
Lakewood BlueClaws batting - Pitching for Greensboro Grasshoppers : RHP Bill Padgett
|
|
Batting: RHB Trent Hedrick
|
0-0: Called Strike 0-1: Ball 1-1: Ball 2-1: Foul Ball, location: 2F 2-2: Ball 3-2: Base on Balls
|
|
Pitching: RHP Mike Yorke
|
|
|
Batting: SHB Steve DeRienzo
|
0-0: DOUBLE (Flyball, 8RXD, EV 100.0 MPH) Trent Hedrick to third
|
|
Batting: RHB Josh Baker
|
0-0: Ball 1-0: Ball 2-0: Swinging Strike 2-1: Ball 3-1: Called Strike 3-2: Foul Ball, location: 2F 3-2: Strikes out looking
|
|
Batting: LHB Eric Farren
|
0-0: Ball 1-0: Ball 2-0: Foul Ball, location: 2F 2-1: Ball Passed Ball! Trent Hedrick scores Steve DeRienzo to third 3-1: Base on Balls
|
|
Batting: RHB Johnny Burroughs
|
0-0: Called Strike 0-1: Ball Passed Ball! Steve DeRienzo scores Eric Farren to second 1-1: Foul Ball, location: 2F 1-2: Foul Ball, location: 2F 1-2: Strikes out swinging
|
|
Pitching: RHP Felix Moreno
|
|
|
Batting: RHB Cory Bonham
|
0-0: Foul Ball, location: 2F 0-1: Hit by Pitch
|
|
Batting: LHB Matt Urbanek
|
0-0: Called Strike 0-1: Ball 1-1: Ball 2-1: Called Strike 2-2: Foul Ball, location: 2F 2-2: Fielders Choice at 2nd, U6 (Groundball, 6M, EV 85.6 MPH)
|
| Top of the 5th over - 2 runs, 1 hit, 0 errors, 2 left on base; Lakewood 8 - Greensboro 6 |
| BOTTOM OF THE 5TH |
|
Greensboro Grasshoppers batting - Pitching for Lakewood BlueClaws : RHP Francisco Tejada
|
|
Batting: RHB Dennis Coppolino
|
0-0: Ball 1-0: Ball 2-0: Foul Ball, location: 2F 2-1: Ground out 6-3 (Groundball, 56, EV 93.8 MPH)
|
|
Batting: RHB Nick Dunton
|
0-0: Called Strike 0-1: Ball 1-1: Swinging Strike 1-2: Ball 2-2: Strikes out swinging, 2-3 out at first.
|
|
Batting: RHB Harrie de Kam
|
0-0: Called Strike 0-1: Foul Ball, location: 2F 0-2: Ball 1-2: Strikes out swinging
|
| Bottom of the 5th over - 0 runs, 0 hits, 0 errors, 0 left on base; Lakewood 8 - Greensboro 6 |
| TOP OF THE 6TH |
|
Lakewood BlueClaws batting - Pitching for Greensboro Grasshoppers : RHP Felix Moreno
|
|
Batting: RHB Vaclav Been
|
0-0: Called Strike 0-1: Ball 1-1: Foul Ball, location: 2F 1-2: Ball 2-2: Ball 3-2: Ground out 6-3 (Groundball, 6, EV 86.2 MPH)
|
|
Batting: LHB Joel Moore
|
0-0: Ball 1-0: Ball 2-0: Called Strike 2-1: Ground out U3 (Groundball, 3, EV 89.4 MPH)
|
|
Batting: RHB Trent Hedrick
|
0-0: Ball 1-0: Foul Ball, location: 2F 1-1: Ground out 6-3 (Groundball, 6, EV 85.0 MPH)
|
| Top of the 6th over - 0 runs, 0 hits, 0 errors, 0 left on base; Lakewood 8 - Greensboro 6 |
| BOTTOM OF THE 6TH |
|
Greensboro Grasshoppers batting - Pitching for Lakewood BlueClaws : RHP Francisco Tejada
|
|
Batting: RHB Rafael Irizarry
|
0-0: Called Strike 0-1: Ball 1-1: Foul Ball, location: 2F 1-2: Strikes out swinging
|
|
Batting: RHB Nate Crofts
|
0-0: Foul Ball, location: 2F 0-1: Ball 1-1: Foul Ball, location: 2F 1-2: Foul Ball, location: 2F 1-2: SINGLE (Groundball, 6MD, EV 95.0 MPH)
|
|
Batting: LHB Angelo Estrella
|
0-0: Swinging Strike 0-1: DOUBLE (Groundball, 5L, EV 109.4 MPH) Nate Crofts to third
|
|
Batting: RHB Chris Alft
|
0-0: SINGLE (Groundball, 6MD, EV 102.5 MPH) Nate Crofts scores Angelo Estrella to third Runner from 3rd tries for Home, SAFE, throw by CF to home
|
|
Batting: LHB Justin Blakely
|
0-0: Grounds into double play, 4-6-3 (Groundball, 4, EV 85.6 MPH)
|
| Bottom of the 6th over - 2 runs, 3 hits, 0 errors, 0 left on base; Lakewood 8 - Greensboro 8 |
| TOP OF THE 7TH |
|
Lakewood BlueClaws batting - Pitching for Greensboro Grasshoppers : RHP Felix Moreno
|
|
Batting: SHB Steve DeRienzo
|
0-0: Ball 1-0: Ball 2-0: SOLO HOME RUN (Flyball, 9D, EV 98.1 MPH), Distance : 403 ft
|
|
Batting: RHB Josh Baker
|
0-0: Foul Ball, location: 2F 0-1: Called Strike 0-2: Foul Ball, location: 2F 0-2: Ball 1-2: Foul Ball, location: 2F 1-2: Strikes out swinging
|
|
Batting: LHB Eric Farren
|
0-0: Ball 1-0: Swinging Strike 1-1: Ball 2-1: Fly out, F9 (Flyball, 89M, EV 93.8 MPH)
|
|
Batting: RHB Johnny Burroughs
|
0-0: Ball 1-0: Ball 2-0: Ball 3-0: Called Strike 3-1: Called Strike 3-2: Strikes out swinging
|
| Top of the 7th over - 1 run, 1 hit, 0 errors, 0 left on base; Lakewood 9 - Greensboro 8 |
| BOTTOM OF THE 7TH |
|
Greensboro Grasshoppers batting - Pitching for Lakewood BlueClaws : RHP Francisco Tejada
|
|
Pitching: LHP Mike Aldrich
|
|
|
Batting: LHB Ryan Thompson
|
0-0: Ball 1-0: Swinging Strike 1-1: Foul Ball, location: 2F 1-2: Ground out U3 (Groundball, 34, EV 85.0 MPH)
|
|
Pitching: RHP Andrew Giles
|
|
|
Batting: RHB Dennis Coppolino
|
0-0: Ball 1-0: Ball 2-0: Swinging Strike 2-1: Ball 3-1: Called Strike 3-2: Strikes out swinging
|
|
Batting: RHB Nick Dunton
|
0-0: Ball 1-0: Ball 2-0: Ball 3-0: Called Strike 3-1: Ground out U3 (Groundball, 34, EV 87.5 MPH)
|
| Bottom of the 7th over - 0 runs, 0 hits, 0 errors, 0 left on base; Lakewood 9 - Greensboro 8 |
| TOP OF THE 8TH |
|
Lakewood BlueClaws batting - Pitching for Greensboro Grasshoppers : RHP Felix Moreno
|
|
Batting: RHB Cory Bonham
|
0-0: Called Strike 0-1: Foul Ball, location: 2F 0-2: Foul Ball, location: 2F 0-2: Ball 1-2: Ball 2-2: Foul Ball, location: 2F 2-2: Strikes out swinging
|
|
Batting: LHB Matt Urbanek
|
0-0: DOUBLE (Line Drive, 7LM, EV 110.0 MPH)
|
|
Batting: RHB Vaclav Been
|
0-0: Foul Ball, location: 2F 0-1: Called Strike 0-2: Fly out, F8 (Flyball, 8RS, EV 89.4 MPH)
|
|
Batting: LHB Joel Moore
|
0-0: Ball 1-0: Ball 2-0: Called Strike 2-1: Foul Ball, location: 2F 2-2: Strikes out swinging
|
| Top of the 8th over - 0 runs, 1 hit, 0 errors, 1 left on base; Lakewood 9 - Greensboro 8 |
| BOTTOM OF THE 8TH |
|
Greensboro Grasshoppers batting - Pitching for Lakewood BlueClaws : RHP Andrew Giles
|
|
Batting: RHB Harrie de Kam
|
0-0: Ball 1-0: Ground out 6-3 (Groundball, P, EV 82.5 MPH)
|
|
Batting: RHB Rafael Irizarry
|
0-0: Fly out, F8 (Flyball, 8RD, EV 100.0 MPH)
|
|
Pinch Hitting: LHB Ryan Karg
|
0-0: Ball 1-0: Called Strike 1-1: Swinging Strike 1-2: Strikes out swinging
|
| Bottom of the 8th over - 0 runs, 0 hits, 0 errors, 0 left on base; Lakewood 9 - Greensboro 8 |
| TOP OF THE 9TH |
|
Lakewood BlueClaws batting - Pitching for Greensboro Grasshoppers : RHP Felix Moreno
|
|
Now at 1B: Ryan Karg
|
|
|
Batting: RHB Trent Hedrick
|
0-0: SOLO HOME RUN (Flyball, 7D, EV 95.6 MPH), Distance : 378 ft
|
|
Batting: SHB Steve DeRienzo
|
0-0: Called Strike 0-1: SINGLE (Flyball, 4MD, EV 81.9 MPH)
|
|
Batting: RHB Josh Baker
|
0-0: Ball 1-0: Ball Steve DeRienzo steals 2nd base 2-0: Ball 3-0: 2-RUN HOME RUN (Flyball, 9LD, EV 96.2 MPH), Distance : 357 ft
|
|
Pitching: LHP Jose Cabello
|
|
|
Batting: LHB Eric Farren
|
0-0: Ball 1-0: Foul Ball, location: 2F 1-1: Foul Ball, location: 2F 1-2: SINGLE (Groundball, 6S, EV 71.2 MPH) (infield hit)
|
|
Batting: RHB Johnny Burroughs
|
0-0: Called Strike 0-1: Ball 1-1: Ball 2-1: Ball 3-1: Foul Ball, location: 2F 3-2: Foul Ball, location: 2F 3-2: Base on Balls Eric Farren to second
|
|
Batting: RHB Cory Bonham
|
0-0: Ball 1-0: Ball 2-0: Ball 3-0: Called Strike 3-1: Base on Balls Eric Farren to third Johnny Burroughs to second
|
|
Batting: LHB Matt Urbanek
|
0-0: Ball 1-0: Ball 2-0: Fly out, F8 (Flyball, 8LXD, EV 98.1 MPH) Runner from 3rd tags up, SCORES, no throw by CF
|
|
Batting: RHB Vaclav Been
|
0-0: 3-RUN HOME RUN (Flyball, 78XD, EV 103.1 MPH), Distance : 408 ft
|
|
Pinch Hitting: SHB Dana Guthrie
|
0-0: Ball 1-0: Ball 2-0: Foul Ball, location: 2F 2-1: Ball 3-1: Foul Ball, location: 2F 3-2: Base on Balls
|
|
Batting: RHB Trent Hedrick
|
0-0: Called Strike 0-1: Ball 1-1: Fly out, F8 (Line Drive, 8RM, EV 93.8 MPH)
|
|
Batting: SHB Steve DeRienzo
|
0-0: Ball 1-0: Ball 2-0: Fly out, F7 (Flyball, 7, EV 76.9 MPH)
|
| Top of the 9th over - 7 runs, 5 hits, 0 errors, 1 left on base; Lakewood 16 - Greensboro 8 |
| BOTTOM OF THE 9TH |
|
Greensboro Grasshoppers batting - Pitching for Lakewood BlueClaws : RHP Andrew Giles
|
|
Now at 1B: Dana Guthrie
|
|
|
Batting: LHB Angelo Estrella
|
0-0: Swinging Strike 0-1: Ball 1-1: SINGLE (Line Drive, 6, EV 99.4 MPH)
|
|
Batting: RHB Chris Alft
|
0-0: Called Strike 0-1: Foul Ball, location: 2F 0-2: Strikes out swinging
|
|
Batting: LHB Justin Blakely
|
0-0: Ball 1-0: Foul Ball, location: 2F 1-1: Called Strike 1-2: Ball 2-2: Strikes out swinging
|
|
Batting: LHB Ryan Thompson
|
0-0: Called Strike 0-1: Ball 1-1: Ball 2-1: Ball 3-1: Base on Balls Angelo Estrella to second
|
|
Batting: RHB Dennis Coppolino
|
0-0: Ball 1-0: Called Strike 1-1: Foul Ball, location: 2F 1-2: Ball 2-2: Fly out, F8 (Flyball, 8LD, EV 90.6 MPH)
|
| Bottom of the 9th over - 0 runs, 1 hit, 0 errors, 2 left on base; Lakewood 16 - Greensboro 8 |
|